 Dungeon Crawl Stone Soup version 0.31-a0-521-gc7390f8997 (webtiles) character file.

Game seed: 3052629761440410053

15 jasper the Stinger (level 2, -2/13 HPs)
             Began as a Spriggan Venom Mage on Aug 10, 2023.
             Slain by a worm (11 damage)
             ... on level 2 of the Dungeon.
             The game lasted 00:00:54 (438 turns).

jasper the Stinger (Spriggan Venom Mage)             Turns: 438, Time: 00:00:54

Health: -2/13      AC:  2    Str:  4    XL:     2   Next: 34%
Magic:  1/6        EV: 17    Int: 16    God:
Gold:   60         SH:  0    Dex: 15    Spells: 5/6 levels left

rFire   . . .        e - +0 short sword (drain)
rCold   . . .        (no shield)
rNeg    . . .        a - +0 robe
rPois   .            (helmet restricted)
rElec   .            (no cloak)
rCorr   .            (gloves unavailable)
SInv    +            (boots unavailable)
Will    .....        (no amulet)
Stlth   ++           (no ring)
HPRegen 0.22/turn    (no ring)
MPRegen 0.10/turn

%: no passive effects
@: very slightly contaminated, very quick
A: very small, no large weapons, unfitting armour, see invisible, speed 3
a: no special abilities


You were on level 2 of the Dungeon.
You visited 1 branch of the dungeon, and saw 2 of its levels.

You collected 60 gold pieces.

Inventory:

Hand Weapons
 d - a +0 short sword
 e - a +0 short sword of draining (weapon)
Missiles
 f - 6 poisoned darts
Armour
 a - a +0 robe (worn)
Scrolls
 g - a scroll of teleportation {unknown}
 h - a scroll of identify {unknown}
Potions
 b - a potion of magic
 c - a potion of haste {unknown}


   Skills:
 - Level 2.6 Dodging
 - Level 3.0 Stealth
 - Level 2.6 Spellcasting
 - Level 1.3 Transmutations
 + Level 3.8 Poison Magic


You had 5 spell levels left.
You knew the following spells:

 Your Spells              Type           Power      Damage    Failure   Level
a - Sting                 Tmut/Pois      40%        1d5       7%          1

Your spell library contained the following spells:

 Spells                   Type           Power      Damage    Failure   Level
 Poisonous Vapours        Pois/Air       16%        N/A       13%         2
 Mephitic Cloud           Conj/Pois/Air  6%         N/A       34%         3
 Olgreb's Toxic Radiance  Pois           14%        N/A       36%         4


Dungeon Overview and Level Annotations

Branches:
Dungeon (1/15)

Altars:


Innate Abilities, Weirdness & Mutations

You are very small and have problems with some larger weapons.
You are too small for most types of armour.
You have supernaturally acute eyesight. (SInv)
You cover ground extremely quickly. (Speed+++)


Message History

Press: ? - help, Q - select action, (/) - cycle Shift-Dir - straight line, f - worm
Aim: a worm (asleep, 100% to hit)
You miscast Sting.
You are very lightly contaminated with residual magic.
Nothing appears to happen.
You now have 5/6 mp.
Aiming: Sting (safe; 7% risk of failure)
Press: ? - help, Q - select action, (/) - cycle Shift-Dir - straight line, f/p - worm
Aim: a worm (asleep, 100% to hit)
The sting hits the worm.
The worm is poisoned.
The worm is moderately wounded.
You now have 4/6 mp.
Aiming: Sting (safe; 7% risk of failure)
Press: ? - help, Q - select action, (/) - cycle Shift-Dir - straight line, f/p - worm
Aim: a worm (moderately wounded, poisoned, 90% to hit)
The sting hits the worm.
The worm looks even sicker.
The worm is heavily wounded.
You now have 3/6 mp.
Aiming: Sting (safe; 7% risk of failure)
Press: ? - help, Q - select action, (/) - cycle Shift-Dir - straight line, f/p - worm
Aim: a worm (heavily wounded, very poisoned, 90% to hit)
The sting hits the worm.
The worm looks even sicker.
The worm is severely wounded.
You now have 2/6 mp.
Aiming: Sting (safe; 7% risk of failure)
Press: ? - help, Q - select action, (/) - cycle Shift-Dir - straight line, f/p - worm
Aim: a worm (heavily wounded, very poisoned, 90% to hit)
The sting hits the worm.
The worm looks as sick as possible!
The worm is severely wounded.
The worm bites you.
You take 4 damage, and have 9/13 hp.
MASSIVE DAMAGE!!
You now have 1/6 mp.
You hit the worm.
The worm is severely wounded.
The kobold shouts!
The kobold throws a stone.
The stone misses you.
You hit the worm but do no damage. You punch the worm.
The worm is almost dead.
The worm bites you!
Ouch! That really hurt!
You die...

............# ....##
.....#......#.......
... #......#..>..# .
+....#.##K...#
#....#.##....#
#....#.##....##
#.....#........###
###...#...........
.#..#...@w......
.....#.#####.....
#+# .... ...


You could see a worm (extremely poisoned) and a kobold.

Vanquished Creatures
  A dart slug (D:1)
  2 bats (D:1)
  An endoplasm (D:1)
  A giant cockroach (D:1)
  A quokka (D:1)
  A ball python (D:1)
  A frilled lizard (D:1)
  3 kobolds (D:1)
  2 rats (D:1)
13 creatures vanquished.

Notes
Turn   | Place    | Note
-------+----------+-------------------------------------------
     0 | D:1      | jasper the Spriggan Venom Mage began the quest for the Orb.
     0 | D:1      | Reached XP level 1. HP: 9/9 MP: 5/5
   248 | D:1      | Reached XP level 2. HP: 13/13 MP: 6/6
   420 | D:1      | You fall into a shaft and drop 1 floor!
   438 | D:2      | Slain by a worm

Illustrated notes

Levels and vault maps discovered:
D:1:      dpeg_arrival_long_road, layout_basic, st_stairs_10, hex_tiny
D:2:      layout_basic, nicolae_ecumenical_pavilion

Action                     || total
---------------------------++-------
  Melee: Unarmed           ||     4
         Short sword       ||    13
         Punch             ||     1
   Cast: Sting             ||    19
 Armour: Robe              ||     2
  Dodge: Dodged            ||    20

Table legend: (Time is in decaauts)
 A = Elapsed time spent in this place.
 B = Non-inter-level travel time spent in this place.
 C = Inter-level travel time spent in this place.
 D = Time resting spent in this place.
 E = Time spent auto-exploring this place.
 F = Levels seen in this place.
 G = Mean time per level.
                   A        B        C        D        E       F      G
               +--------+--------+--------+--------+--------+-----+--------+
         Total |    341 |    336 |      5 |      0 |    262 |   2 |  170.5 |
       Dungeon |    341 |    336 |      5 |      0 |    262 |   2 |  170.5 |
               +--------+--------+--------+--------+--------+-----+--------+

Top non-repeatable levels by time:
     D:1: 327 daAuts
     D:2: 13 daAuts
